 Dungeon Crawl Stone Soup version 0.24-a0-365-ga4d96b6e6e (webtiles) character file.

Game seed: 9601292980085455371

6 MrOobling the Sneak (level 1, -4/9 HPs)
             Began as a Spriggan Enchanter on May 27, 2019.
             Killed from afar by a dart slug (7 damage)
             ... with a slug dart
             ... on level 1 of the Dungeon.
             The game lasted 00:09:57 (859 turns).

MrOobling the Sneak (Spriggan Enchanter)             Turns: 859, Time: 00:09:58

Health: -4/9       AC:  2    Str:  4    XL:     1   Next: 75%
Magic:  5/5        EV: 18    Int: 16    God:
Gold:   32         SH:  0    Dex: 16    Spells: 5/6 levels left

rFire    . . .     SeeInvis +   a - +1 dagger
rCold    . . .     Gourm    .   (shield restricted)
rNeg     . . .     Faith    .   b - +0 robe
rPois    .         Spirit   .   (helmet restricted)
rElec    .         Reflect  .   (no cloak)
rCorr    .         Harm     .   (gloves unavailable)
MR       .....                  (boots unavailable)
Stlth    +++.......             (no amulet)
HPRegen  0.03/turn              (no ring)
MPRegen  0.09/turn              (no ring)

@: very quick
A: very small, unfitting armour, see invisible, herbivore, speed 3, slow
metabolism 2
a: no special abilities


You were on level 1 of the Dungeon.
You were not hungry.

You visited 1 branch of the dungeon, and saw 2 of its levels.

You collected 32 gold pieces.

Inventory:

Hand Weapons
 a - a +1 dagger (weapon)
Missiles
 g - 17 stones (quivered)
Armour
 b - a +0 robe (worn)
 f - a +2 pair of gloves
Scrolls
 c - 2 scrolls of identify {unknown}
Potions
 e - a potion of heal wounds {unknown}
Comestibles
 d - a ration


   Skills:
 - Level 1.1 Short Blades
 - Level 3.0 Dodging
 - Level 4.4 Stealth
 + Level 3.0 Spellcasting
 + Level 3.9 Hexes


You had 5 spell levels left.
You knew the following spells:

 Your Spells              Type           Power        Failure   Level  Hunger
a - Corona                Hex            ###....      3%          1    #......

Your spell library contained the following spells:

 Spells                   Type           Power        Failure   Level  Hunger
 Confuse                  Hex            ###.....     11%         3    ###....
 Tukima's Dance           Hex            ###.....     11%         3    ###....
 Ensorcelled Hibernation  Hex/Ice        #.....       13%         2    ##.....
 Dazzling Spray           Conj/Hex       #.....       26%         3    ###....


Dungeon Overview and Level Annotations

Branches:
Dungeon (2/15)

Altars:


Innate Abilities, Weirdness & Mutations

You are very small and have problems with some larger weapons.
You are too small for most types of armour.
You have supernaturally acute eyesight. (SInv)
You are a herbivore.
You cover ground extremely quickly.
You need to consume almost no food.


Message History

Things that are here:
a +0 club; a hobgoblin skeleton
There is a stone staircase leading down here.
You climb downwards.
There is a stone staircase leading up here.
You start resting.
The hound skeleton is too close now for your liking.
You climb upwards.
There is a stone staircase leading down here.
g - 17 stones (gained 1)
There are no items here.
You start resting.
The dart slug is too close now for your liking.
You now have 32 gold pieces (gained 9).
You start resting.
The dart slug is too close now for your liking.
The dart slug launches a dart at you. The slug dart hits you!
Ouch! That really hurt!
You die...

###..........>.######.#
..........w........##.###
...................##....
.........#.##......###...
......#.....#......# #...
#......#.....#......# #...
#..........$.#......# #...
#............#......# #...
########........@...##.#####
#...
#...................##.#
#...
#..........#........##.#
#..........####.....##.#
.......................#
#l.........####.....####
#..........# #.....#
#.........$# #.....#
#.!............######


You could see a dart slug.

Vanquished Creatures
  2 hobgoblins (D:1)
  A kobold (D:1)
  A ball python (D:1)
  A bat (D:1)
  A rat (D:1)
6 creatures vanquished.

Notes
Turn   | Place    | Note
-------+----------+-------------------------------------------
     0 | D:1      | MrOobling the Spriggan Enchanter began the quest for the
                  | Orb.
     0 | D:1      | Reached XP level 1. HP: 9/9 MP: 5/5
   859 | D:1      | Killed from afar by a dart slug

Levels and vault maps discovered:
D:1:      lightli_arrival_quake, layout_basic
D:2:      layout_basic, lemuel_crystal_altar, first_ration,
          kennysheep_cross_bottleneck, grunt_gozag_breadcrumbs, uniq_sigmund

Skill      XL: |  1 |
---------------+----+-----
Spellcasting   | 3 |  3.0
Short Blades   | |  1.1
Dodging        | |  3.0
Stealth        | |  4.4
Hexes          | |  3.9

Action                   || total
-------------------------++-------
Melee: Dagger            ||    41
Armor: Robe              ||     3
Dodge: Dodged            ||    37

Table legend:
 A = Non-vault XP
 B = Vault XP
 C = Vault XP percentage of total XP
 D = Non-vault monster count
 E = Vault monster count
 F = Vault count percentage of total count
                 A         B        C        D         E       F
            +---------+---------+-------+---------+---------+-------
      Total |       9 |       0 |   0.0 |       6 |       0 |   0.0
            +---------+---------+-------+---------+---------+-------
        D:1 |       9 |       0 |   0.0 |       6 |       0 |   0.0
            +---------+---------+-------+---------+---------+-------
